 Dungeon Crawl Stone Soup version bcrawl-1.12-11-gb93c957c58 (webtiles) character file.

Game seed: 2668385048247171869

202 MisterOstroum the Poker (level 5, -1/47 HPs)
             Began as a Minotaur Sloth Apostle on June 22, 2019.
             Was a Follower of Cheibriados.
             Killed by divine providence
             ... invoked by an orc priest
              (16 damage)
             ... on level 3 of the Dungeon.
             The game lasted 00:05:42 (2460 turns).

MisterOstroum the Poker (Minotaur Sloth Apostle)    Turns: 2460, Time: 00:05:42

Health: -1/47      AC:  6    Str: 21    XL:     5   Next: 50%
Magic:  4/5        EV:  7    Int: 12    God:    Cheibriados [*.....]
Gold:   97         SH:  9    Dex: 12    Spells: 5/6 levels left

rFire    . . .     SeeInvis .   a - +0 spear
rCold    . . .     Gourm    .   c - +0 shield
rNeg     . . .     Faith    .   k - +0 ring mail
rPois    .         Spirit   .   (helmet restricted)
rElec    .         Reflect  .   (no cloak)
rCorr    .         Harm     .   (no gloves)
MR       .....                  g - +0 pair of boots
Stlth    +.........             (no amulet)
HPRegen  0.15/turn              (no ring)
MPRegen  0.09/turn              (no ring)

@: very slow
A: retaliatory headbutt, horns 2
a: Bend Time, Renounce Religion


You were on level 3 of the Dungeon.
You worshipped Cheibriados.
Cheibriados was aware of your devotion.
You were not hungry.

You visited 1 branch of the dungeon, and saw 3 of its levels.

You collected 97 gold pieces.

Inventory:

Hand Weapons
 a - a +0 spear (weapon)
Missiles
 f - 1045 stones (quivered)
 v - a throwing net {!f!f}
Armour
 b - a +0 robe
 c - a +0 shield (worn)
 g - a +0 pair of boots (worn)
 k - a +0 ring mail (worn)
 t - a +0 pair of gloves of strength
Wands
 d - a wand of paralysis (18)
 x - a wand of digging (8)
Scrolls
 h - a scroll of fear {unknown}
 n - a scroll of enchant weapon {unknown}
 o - a scroll of teleportation {unknown}
 p - 2 scrolls of enchant armour {unknown}
 q - a scroll of fog {unknown}
 s - a scroll of identify {unknown}
 u - a scroll of magic mapping {unknown}
Potions
 i - a potion of berserk rage {unknown}
 j - a potion of ambrosia {unknown}
 l - a potion of might {unknown}
 m - a potion of magic {unknown}
 r - a potion of brilliance {unknown}
 w - 2 potions of heal wounds {unknown}
Comestibles
 e - 2 rations {!d}
 z - 4 chunks of flesh


   Skills:
 * Level 4.7 Fighting
 * Level 4.8 Polearms
 - Level 2.6 Stealth
 - Level 2.4 Shields
 - Level 1.0 Spellcasting
 - Level 0.5 Hexes
 + Level 2.1 Invocations
 - Level 0.8 Evocations


You had 5 spell levels left.
You knew the following spells:

 Your Spells              Type           Power        Failure   Level  Hunger
a - Slow                  Hex            #.......     91%         1    ##.....
Your spell library was empty.

Dungeon Overview and Level Annotations

Branches:
Dungeon (3/12)

Altars:


Innate Abilities, Weirdness & Mutations

You reflexively headbutt those who attack you in melee.
You have a pair of horns on your head.


Message History

x - a wand of digging (8)
Found 69 stones.
f - 1045 stones (gained 69)
A black bear comes into view.
The black bear growls angrily.
Found 14 gold pieces.
You hit the black bear.
You headbutt the black bear, but do no damage.
The black bear is lightly wounded.
The black bear bites you but does no damage.
The black bear claws you but does no damage. x2
You closely miss the black bear.
The black bear is lightly wounded.
You hear the slow rusting of a very distant drain.
You block the black bear's attack. x2
The black bear claws you but does no damage.
You hit the black bear.
The black bear is moderately wounded.
A hobgoblin comes into view.
The black bear closely misses you. The black bear barely misses you.
The black bear claws you.
You closely miss the black bear.
The hobgoblin shouts!
You headbutt the black bear!
The black bear is severely wounded.
You hear a shout!
The black bear goes berserk!
Unknown command.
The flow of time bends around you.
Cheibriados rebukes the black bear.
The black bear seems to slow down.
You feel slightly more hungry. The black bear bites you.
You block the black bear's attack. x2
The black bear rages.
Attack whom?
Press: ? - help, Dir - move target cursor, f - black bear
Aim: a black bear (severely wounded, berserk, fast+slow, unusually strong)
Okay, then.
You hit the black bear. Your headbutt misses the black bear.
The black bear is almost dead.
The black bear bites you! The black bear barely misses you.
The black bear claws you.
You puncture the black bear!
You kill the black bear!
Cheibriados appreciates the change of pace.
Your Invocations skill increases to level 2!
You have reached level 5!
The hobgoblin hits you.
You see here a black bear corpse.
You hit the hobgoblin. You headbutt the hobgoblin.
You kill the hobgoblin!
Cheibriados thoroughly appreciates the change of pace.
You see here a hobgoblin corpse.
You see here a hobgoblin corpse.
You see here a black bear corpse.
You butcher the black bear corpse.
z - 3 chunks of flesh You see here a black bear skeleton.
You see here a hobgoblin corpse.
You butcher the hobgoblin corpse.
z - 5 chunks of flesh (gained 2)
You see here a hobgoblin skeleton.
Eat one of 5 chunks of flesh? (ye/n/q)
You eat one of the 5 chunks of flesh.
This raw flesh tastes terrible.
An orc comes into view.
It is wielding a +1 falchion of electrocution.
An orc comes into view. It is wielding a +0 short sword.
An orc priest comes into view. It is wielding a +0 war axe.
An orc wizard comes into view. It is wielding a +0 dagger.
You see here 14 gold pieces.
Attack whom?
Press: ? - help, Dir - move target cursor, f - orc
Aim: an orc, wielding a +1 falchion of electrocution and wearing a +0 leather armour (hasn't noticed you)
You reach to attack!
The orc shouts! x2; The orc priest shouts!
The orc wizard shouts!
You hit the orc.
The orc is almost dead.
You hear a shout!
The orc wizard mumbles some strange words.
The orc wizard flickers and vanishes!
Deactivating autopickup; reactivate with Ctrl-A.
An orc comes into view. It is wielding a +0 trident.
The orc hits you but does no damage.
You are electrocuted!
You block the orc's attack.
You hit the orc.
You kill the orc!
Cheibriados thoroughly appreciates the change of pace.
Attack whom?
Press: ? - help, Dir - move target cursor, f - orc
Aim: an orc, wielding a +0 short sword and wearing a +0 ring mail You closely miss the orc.
You headbutt the orc.
You kill the orc!
Cheibriados appreciates the change of pace.
Okay, then.
Attack whom?
Press: ? - help, Dir - move target cursor, f - orc priest
Aim: an orc priest, wielding a +0 war axe You reach to attack!
Your shield and ring mail prevent you from hitting the orc priest.
The orc priest invokes the aid of Beogh against you.
Beogh smites you!
You die...

### #.. ..# #.# #.#
#.# #.# #.#
#.#####.# ..
#@......##
....###).......###
...{o.o.....รทรท...#
....###$.......#.#
.. ##########.# #.#
##.#####..
#.........
#..######.


You could see an orc priest.

Vanquished Creatures
  A black bear (D:3)
  Jessica (D:2)
  4 worms
  3 dart slugs (D:1)
  2 leopard geckos
  2 orcs (D:3)
  A ball python (D:1)
  2 bats
  14 giant cockroaches
  5 goblins (D:2)
  5 hobgoblins
  5 jackals (D:1)
  A quokka (D:2)
  6 frilled lizards
  5 kobolds
  3 rats
60 creatures vanquished.

Vanquished Creatures (others)
  A jackal (D:1)
1 creature vanquished.

Grand Total: 61 creatures vanquished

Notes
Turn   | Place    | Note
-------+----------+-------------------------------------------
     0 | D:1      | MisterOstroum the Minotaur Sloth Apostle began the quest
                  | for the Orb.
     0 | D:1      | Reached XP level 1. HP: 18/18 MP: 1/1
   348 | D:1      | Reached XP level 2. HP: 13/25 MP: 2/2
  1046 | D:1      | Reached skill level 1 in Invocations
  1046 | D:1      | Reached XP level 3. HP: 31/31 MP: 3/3
  1536 | D:2      | Noticed Jessica
  1546 | D:2      | Killed Jessica
  1546 | D:2      | Reached XP level 4. HP: 40/40 MP: 0/4
  1758 | D:2      | Found a faded altar of an unknown god.
  1782 | D:2      | Reached * piety under Cheibriados
  2426 | D:3      | Noticed a black bear
  2436 | D:3      | Killed a black bear
  2436 | D:3      | Reached XP level 5. HP: 23/47 MP: 1/5
  2460 | D:3      | Killed from afar by an orc priest

Skill      XL: |  1  2  3  4 |
---------------+-------------+-----
Fighting       | 3 4 |  4.7
Polearms       | 3 4 |  4.8
Invocations    | 1 2 |  2.1
Stealth        | |  2.6
Shields        | |  2.4
Spellcasting   | |  1.0
Hexes          | |  0.5
Evocations     | |  0.8

Action                   |  1- 3 |  4- 6 || total
-------------------------+-------+-------++-------
Melee: Spear             |    94 |    64 ||   158
       Headbutt          |    11 |    12 ||    23
Throw: Stone             |    41 |    52 ||    93
Invok: Bend Time         |     1 |     1 ||     2
Evoke: Wand              |     1 |       ||     1
 Stab: Paralysed         |     3 |       ||     3
       Sleeping          |     1 |     1 ||     2
  Eat: Chunk             |     3 |     2 ||     5
Armor: Robe              |     6 |       ||     6
       Ring mail         |     9 |    15 ||    24
Dodge: Dodged            |    20 |    12 ||    32
Block: Shield            |    24 |    14 ||    38
